Map: Echo LE (Void)

Players

AgCl

  • Race: Protoss Protoss

Stannis - Winner!

  • Race: Terran Terran

VOD

Have the link to the VOD?

Description

Time

  • Played on: May 4, 2015, 8:36 p.m.
  • Length: 8:38
Show
View Real Time Build Order
Export as new Build Order

AgCl Protoss 

Build Orders: Oracle Opening, Oracle Opening 

Get SALT Encoding   

  12  0:02  Probe  
  13  0:22  Probe  
  13  0:24  Pylon  
  14  0:30  Assimilator  
  14  0:42  Probe  
  15  0:47  Gateway  
  15  0:54  Probe  
  16  1:06  Probe (Chrono Boost)  
  17  1:18  Probe (Chrono Boost)  
  18  1:19  Pylon  
  18  1:26  Probe (Chrono Boost)  
  19  1:35  Probe, Zealot (Chrono Boost)  
  22  1:46  Assimilator  
  22  1:47  Probe  
  23  1:59  Probe  
  24  2:09  Cybernetics Core  
  24  2:16  Probe (Chrono Boost)  
  24  2:21  Nexus  
  25  2:27  Probe (Chrono Boost)  
  26  2:33  Probe  
  24  2:45  Probe (Chrono Boost)  
  24  2:48  Stargate  
  24  2:50  Pylon  
  25  2:53  Warp Gate  
  25  2:58  Mothership Core (Chrono Boost)  
  27  3:12  Probe  
  28  3:23  Forge  
  28  3:24  Probe (Chrono Boost)  
  29  3:31  Oracle (Chrono Boost)  
  33  3:35  Probe (Chrono Boost)  
  33  3:38  Probe (Chrono Boost)  
  33  3:39  Pylon  
  34  3:45  Probe (Chrono Boost)  
  34  3:46  Probe (Chrono Boost)  
  36  3:55  Probe (Chrono Boost)  
  38  3:56  Probe (Chrono Boost)  
  38  4:00  Void Ray (Chrono Boost)  
  42  4:03  Probe  
  42  4:05  Probe  
  44  4:19  Probe  
  44  4:20  Probe  
  46  4:36  Phoenix  
  45  4:56  Probe (Chrono Boost)  
  45  4:57  Fleet Beacon  
  46  5:02  Probe (Chrono Boost)  
  46  5:03  Pylon  
  48  5:07  Photon Cannon  
  48  5:08  Probe (Chrono Boost)  
  48  5:12  Probe (Chrono Boost)  
  48  5:13  Void Ray (Chrono Boost), Photon Cannon  
  53  5:17  Probe  
  53  5:19  Pylon  
  54  5:26  Assimilator  
  54  5:28  Carrier (Chrono Boost)  
  53  5:39  Probe (Chrono Boost)  
  53  5:41  Probe (Chrono Boost)  
  60  5:57  Nexus  
  60  5:59  Pylon  
  60  6:00  Probe (Chrono Boost)  
  61  6:06  Mothership Core (Chrono Boost)  
  61  6:10  Assimilator  
  64  6:16  Probe (Chrono Boost)  
  64  6:18  Pylon  
  64  6:23  Probe, Photon Cannon  
  65  6:27  Twilight Council  
  65  6:32  Probe  
  66  6:41  Probe  
  66  6:42  Stargate  
  67  6:59  Graviton Catapult (Chrono Boost)  
  67  7:07  Probe (Chrono Boost)  
  68  7:10  Gateway  
  68  7:12  Pylon  
  68  7:13  Probe (Chrono Boost)  
  70  7:17  Gateway, Probe (Chrono Boost)  
  70  7:18  Gateway  
  70  7:21  Carrier (Chrono Boost)  
  70  7:27  Probe (Chrono Boost), Photon Cannon  
  70  7:29  Probe (Chrono Boost)  
  72  7:31  Gateway  
  72  7:34  Gateway  
  72  7:35  Gateway  
  72  7:36  Probe (Chrono Boost), Assimilator x2  
  73  7:38  Pylon, Photon Cannon  
  73  7:41  Gateway  
  79  7:51  Templar Archives  
  79  8:02  Probe  
  79  8:04  Probe  
  81  8:06  Probe  
Show
View Real Time Build Order
Export as new Build Order

Stannis Terran - Winner!

Build Orders: Cyclone Opening, MMM Bio 

Get SALT Encoding   

  12  0:01  SCV  
  13  0:13  SCV  
  14  0:19  Supply Depot  
  14  0:25  SCV  
  14  0:28  Refinery  
  15  0:41  SCV  
  16  0:45  Barracks  
  16  0:53  SCV  
  17  1:05  SCV  
  17  1:17  SCV  
  18  1:37  Marine, Orbital Command  
  19  1:43  Factory  
  19  1:55  Marine  
  19  1:59  Supply Depot  
  20  2:07  SCV  
  21  2:13  Command Center  
  21  2:19  Marine  
  21  2:22  SCV  
  23  2:29  Factory Tech Lab  
  23  2:36  Marine  
  22  2:47  SCV  
  22  2:49  Cyclone  
  26  2:54  Supply Depot, Bunker, Marine  
  27  2:59  SCV  
  28  3:11  SCV  
  29  3:13  Barracks Reactor  
  29  3:22  Barracks  
  29  3:23  SCV  
  29  3:24  Barracks  
  30  3:31  Orbital Command  
  30  3:36  SCV  
  31  3:48  SCV  
  32  3:50  Marine x2  
  34  3:55  Factory Reactor  
  34  4:00  SCV  
  35  4:06  SCV  
  36  4:12  SCV  
  36  4:15  Marine x2  
  36  4:16  Engineering Bay, Marine x2  
  41  4:18  SCV  
  42  4:24  SCV  
  40  4:33  Marine x4  
  38  4:42  SCV x2  
  37  4:50  Terran Infantry Weapons Level 1  
  37  4:51  Marine x2  
  34  4:54  SCV x2  
  36  5:06  SCV  
  36  5:07  SCV  
  38  5:08  Stimpack  
  38  5:09  Marine x3  
  38  5:10  Marine  
  38  5:11  Marine  
  43  5:15  Refinery  
  43  5:17  Refinery  
  43  5:18  SCV  
  43  5:19  SCV  
  44  5:27  Marine x4  
  46  5:29  Marine  
  46  5:31  SCV x2  
  49  5:42  Missile Turret  
  49  5:43  SCV x2  
  49  5:45  Marine x3  
  49  5:48  Supply Depot  
  54  5:58  Supply Depot  
  54  6:07  Starport  
  54  6:09  SCV x2, Marine x2  
  54  6:10  Supply Depot  
  58  6:14  Factory Reactor  
  58  6:21  SCV x2  
  60  6:27  Marine x5  
  62  6:33  SCV x2  
  62  6:35  Refinery  
  64  6:42  Supply Depot  
  64  6:45  SCV x2, Marine  
  64  6:46  Marauder, Marine x3  
  72  6:51  Missile Turret  
  72  6:58  SCV  
  73  7:02  Supply Depot  
  73  7:04  Marine x4  
  73  7:06  Medivac x2  
  73  7:07  Marauder  
  83  7:08  Combat Shields  
  83  7:11  SCV x2  
  83  7:12  Supply Depot  
  85  7:21  Marine  
  86  7:24  Supply Depot  
  86  7:29  Marine x4  
  90  7:36  Medivac x2  
  94  7:37  Supply Depot  
  94  7:38  Command Center  
  94  7:39  Marine  
  95  7:45  SCV x2  
  95  7:48  Marauder, Marine x3  
  102  7:54  Factory Reactor  
  102  7:57  Armory  
  102  7:58  SCV  
  103  7:59  SCV  
  104  8:07  Marine x2  
  104  8:08  Marine  
  104  8:09  Marauder  
Tags
 
Add a new tag
Caveats
  • Supply blocks, unpowered buildings, or Contaminate may cause inaccurate times.
  • Supply counts are checked every 10 seconds.